 Dungeon Crawl Stone Soup version 0.28.0-43-g3370ac3207 (webtiles) character file.

Game seed: 8138924403274799496

538 cbfl8 the Sneak (level 7, -6/56 (60) HPs)
             Began as a Minotaur Delver on Mar 2, 2022.
             Mangled by a wight
             ... wielding a +0 great sword
              (7 damage)
             ... on level 6 of the Dungeon.
             The game lasted 00:08:23 (5345 turns).

cbfl8 the Sneak (Minotaur Delver)                   Turns: 5345, Time: 00:08:24

HP:   -6/56 (60)    AC: 13    Str: 19    XL:     7   Next: 5%
MP:   6/6           EV:  6    Int:  7    God:
Gold: 113           SH:  8    Dex: 11    Spells: 6/6 levels left

rFire   x . .      SeeInvis +   d - +0 flail
rCold   + . .      Faith    .   s - +0 kite shield {AC+3}
rNeg    . . .      Spirit   .   z - +0 chain mail
rPois   .          Reflect  .   (helmet restricted)
rElec   .          Harm     .   r - +0 cloak
rCorr   .          Rampage  .   (no gloves)
Will    .....                   (no boots)
Stlth   ..........              (no amulet)
HPRegen 0.18/turn               i - ring of see invisible
MPRegen 0.10/turn               y - ring of ice

@: about to teleport, flying, drained
A: horns 2, retaliatory headbutt
a: no special abilities


You were on level 6 of the Dungeon.
You visited 2 branches of the dungeon, and saw 7 of its levels.

You collected 113 gold pieces.

Inventory:

Hand Weapons
 a - a +0 hand axe
 d - a +0 flail (weapon)
Armour
 b - a +0 leather armour
 h - a +2 helmet
 k - a +0 buckler
 r - a +0 cloak (worn)
 s - a +0 kite shield of protection (worn)
 z - a +0 chain mail (worn)
Jewellery
 e - the ring of Ceiwe Getuys {+Blink rF+++ Will- MP+9 Slay+3}
   (You took it off an orc on level 6 of the Dungeon)

   [ring of magical power]

   Slay:      It affects your accuracy & damage with ranged weapons and melee
   (+3).
   rF:        It renders you almost immune to fire.
   MP:        It affects your magic capacity (+9).
   +Blink:    It lets you blink.
   Will:      It decreases your willpower.
 i - a ring of see invisible (left hand)
 y - a ring of ice (right hand)
Wands
 g - a wand of digging (3)
 x - a wand of flame (8)
Scrolls
 c - 3 scrolls of fog
 j - 2 scrolls of teleportation
 o - 2 scrolls of enchant armour
 p - a scroll of enchant weapon {unknown}
 t - 2 scrolls of noise
 u - 2 scrolls of silence
 A - a scroll of vulnerability {unknown}
 B - a scroll of brand weapon {unknown}
Potions
 f - a potion of haste
 m - a potion of brilliance {unknown}
 q - 4 potions of flight
 v - a potion of lignification {unknown}
 w - a potion of magic {unknown}


   Skills:
 + Level 4.8 Fighting
 + Level 2.6(3.6) Axes
 + Level 3.7(4.2) Maces & Flails
 + Level 3.6 Armour
 + Level 3.4 Dodging
 + Level 5.1 Stealth
 + Level 2.9 Shields


You had 6 spell levels left.
You didn't know any spells.
Your spell library contained the following spells:

 Spells                   Type           Power      Damage    Failure   Level
 Apportation              Tloc           0%         N/A       100%        1
 Alistair's Intoxication  Tmut/Pois      0%         N/A       100%        5


Dungeon Overview and Level Annotations

Branches:
Dungeon (6/15)             Temple (1/1) D:4

Altars:
Fedhas
Gozag
Hepliaklqana
Kikubaaqudgha
Makhleb
Nemelex Xobeh
Qazlal
Ru
Sif Muna
Trog
Uskayaw
Vehumet
Wu Jian
Xom
Yredelemnul
Zin
The Shining One


Innate Abilities, Weirdness & Mutations

You have a pair of horns on your head.
You reflexively headbutt those who attack you in melee.


Message History

Unknown command.
Things that are here:
a +0 hand axe; a +0 leather armour; an orc skeleton You see here a +0 short sword.
There is a stone staircase leading up here.
A wight is nearby!
A wight is nearby!
A wight is nearby!
A wight is nearby!
A wight comes into view. It is wielding a +3 spear of freezing.
You sock the wight!
The wight is heavily damaged.
The wight hits you with a +0 great sword!
You barely miss the wight. Your headbutt misses the wight.
The wight is heavily damaged.
The wight hits you with a +0 great sword!
* * * LOW HITPOINT WARNING * * *
A wight comes into view. It is wielding a +0 halberd.
The wight hits you with a +0 great sword!
* * * LOW HITPOINT WARNING * * *
You feel much better.
The wight hits you with a +0 great sword!
* * * LOW HITPOINT WARNING * * *
You feel drained.
* * * LOW HITPOINT WARNING * * *
A wight comes into view.
It is wielding a +3 flail and wearing a +2 robe of positive energy.
A wight comes into view. It is wielding a +2 scimitar.
You hit the wight.
The wight is severely damaged.
The wight barely misses you.
The wight hits you from afar with a +3 spear of freezing.
* * * LOW HITPOINT WARNING * * *
You feel drained.
* * * LOW HITPOINT WARNING * * *
The wight freezes you.
* * * LOW HITPOINT WARNING * * *
As you read the scroll of teleportation, it crumbles to dust.
You feel strangely unstable.
The wight hits you with a +0 great sword!
You die...

.#. #.##..## ...
##.....# ....
#......#
....######......#
......##.......## .
##.....##).#####
...#......##..z.#.###
.....†....z.z)......#
.....#(#####.z.z@..##
.....#.# #..#######
.......$###...#
#............##
##..........##
#.........(
........#..
#............ .......


You could see 5 wights.

Vanquished Creatures
  A water moccasin (D:6)
  A kobold brigand (D:5)
  A water moccasin skeleton (D:4)
  A bullfrog zombie (D:5)
  A centaur zombie (D:6)
  2 hounds
  A centaur skeleton (D:6)
  An orc wizard (D:4)
  5 adders
  2 dart slugs
  13 orcs
  8 ball pythons
  7 endoplasms
  4 giant cockroaches
  12 goblins
  6 hobgoblins
  2 jackals (D:4)
  11 kobolds
  2 quokkas
  5 bats
  3 frilled lizards
  6 rats
95 creatures vanquished.

Notes
Turn   | Place    | Note
-------+----------+-------------------------------------------
     0 | D:5      | cbfl8 the Minotaur Delver began the quest for the Orb.
     0 | D:5      | Reached XP level 1. HP: 19/19 MP: 0/0
    27 | D:4      | Found a staircase to the Ecumenical Temple.
    39 | Temple   | Entered the Ecumenical Temple
   360 | D:4      | Reached XP level 2. HP: 11/27 MP: 1/1
   360 | D:4      | Reached XP level 3. HP: 14/33 MP: 2/2
  1027 | D:1      | Found a faded altar of an unknown god.
  1134 | D:1      | Reached skill level 1 in Armour
  1401 | D:1      | Reached XP level 4. HP: 40/40 MP: 3/3
  1980 | D:2      | Reached skill level 1 in Maces & Flails
  2008 | D:2      | Reached skill level 5 in Stealth
  2608 | D:3      | Found a radiant altar of Vehumet.
  2631 | D:3      | Found a sparkling altar of Nemelex Xobeh.
  2688 | D:3      | Reached XP level 5. HP: 44/47 MP: 4/4
  3594 | D:4      | Found a bloodstained altar of Trog.
  3594 | D:4      | Found a hazy altar of Hepliaklqana.
  3595 | D:4      | Found a basalt altar of Yredelemnul.
  4113 | D:4      | Reached skill level 1 in Shields
  4251 | D:4      | Reached XP level 6. HP: 44/53 MP: 5/5
  5213 | D:6      | Identified the ring of Ceiwe Getuys {+Blink rF+++ Will-
                  | MP+9 Slay+3}
  5301 | D:6      | Noticed a water moccasin
  5321 | D:6      | Killed a water moccasin
  5326 | D:6      | Reached XP level 7. HP: 33/60 MP: 6/6
  5342 | D:6      | HP: 3/60 [wight/+0 great sword (11)]
  5344 | D:6      | HP: 1/56 [wight/+3 spear of freezing (1)]
  5345 | D:6      | Mangled by a wight

Illustrated notes

Levels and vault maps discovered:
D:1:      heliophobic_arrival_battle_scene, layout_loops_corners,
          nicolae_ecumenical_snake_handling
D:2:      layout_rooms
D:3:      layout_basic, nemelex_spade_bored_becter, vehumet_altar_wand_db,
          kennysheep_generic_room_3
D:4:      layout_layer_cave, chequers_temple_overflow_statue_of_worship,
          temple_statues
D:5:      layout_basic, kb_lookout_dungeons_type
D:6:      layout_cave_pools, mainiacjoe_overflow_alcove_2, uniq_duvessa,
          uniq_maggie
Temple:   nicolae_temple_hex_pool

Skill      XL: |  1  2  3  4  5  6 |
---------------+-------------------+-----
Fighting       | 4 |  4.8
Armour         | 1 2 3 |  3.6
Maces & Flails | 1 2 3 |  3.7
Stealth        | 5 |  5.1
Shields        | 1 2 |  2.9
Dodging        | 3 |  3.4
Axes           | |  2.6

Action                   |  1- 3 |  4- 6 |  7- 9 || total
-------------------------+-------+-------+-------++-------
Melee: Flail             |    25 |   236 |     3 ||   264
       Hand axe          |     4 |       |       ||     4
       Headbutt          |     4 |    27 |       ||    31
  Use: Scroll            |     1 |     5 |     1 ||     7
       Potion            |       |     2 |     1 ||     3
 Stab: Sleeping          |     2 |     7 |       ||     9
Armor: Leather armour    |    15 |    45 |       ||    60
       Chain mail        |       |   149 |       ||   149
Dodge: Dodged            |    27 |   151 |     1 ||   179
Block: Buckler           |     1 |    13 |       ||    14
       Kite shield       |       |   115 |       ||   115
